 Dungeon Crawl Stone Soup version 0.24.0-13-gcf9b319 (webtiles) character file.

Game seed: 16288415504506949741, levelgen mode: deterministic

3353 Bronimir the Thaumaturge (level 9, 0/47 HPs)
             Began as a Deep Elf Wizard on Mar 27, 2020.
             Was a Follower of Vehumet.
             Slain by a blink frog (10 damage)
             ... on level 1 of the Lair of Beasts.
             The game lasted 00:37:08 (11581 turns).

Bronimir the Thaumaturge (Deep Elf Wizard)         Turns: 11581, Time: 00:37:09

Health: 0/47       AC:  9    Str:  6    XL:     9   Next: 72%
Magic:  27/27      EV: 14    Int: 25    God:    Vehumet [*.....]
Gold:   431        SH:  0    Dex: 13    Spells: 19/32 levels left

rFire    . . .     SeeInvis .   a - +4 quarterstaff (chaos)
rCold    . . .     Gourm    +   (shield currently unavailable)
rNeg     . . .     Faith    .   D - +0 robe
rPois    .         Spirit   .   p - +2 helmet
rElec    .         Reflect  .   R - +2 cloak
rCorr    .         Harm     .   M - +0 pair of gloves
MR       +....                  (no boots)
Stlth    +.........             k - amulet of the gourmand
HPRegen  0.15/turn              q - ring of protection from magic
MPRegen  0.20/turn              (no ring)

@: confused
A: no striking features
a: Renounce Religion


You were on level 1 of the Lair of Beasts.
You worshipped Vehumet.
Vehumet was aware of your devotion.
You were hungry.

You visited 3 branches of the dungeon, and saw 11 of its levels.

You collected 431 gold pieces.

Inventory:

Hand Weapons
 a - a +4 quarterstaff of chaos (weapon)
 b - a +1 shortbow
 g - a +3 spear of flaming
 j - a +0 spear
 G - a +0 quarterstaff
 Q - the +6 falchion of Irrepressible Laughter {venom, Str+4 Int+5 Dex+3}
   (You found it on level 4 of the Dungeon)

   It poisons the flesh of those it strikes.
   It affects your strength (+4).
   It affects your intelligence (+5).
   It affects your dexterity (+3).
Missiles
 f - 247 stones
 s - 142 arrows
 A - 18 poisoned darts (quivered)
 P - 48 sling bullets
Armour
 e - a +0 leather armour
 p - a +2 helmet (worn)
 r - a +0 shield
 B - a +0 cloak
 D - a +0 robe (worn)
 M - a +0 pair of gloves (worn)
 N - a +0 hat
 R - a +2 cloak (worn)
 U - a +2 cloak of magic resistance
Magical Staves
 u - an uncursed staff of earth
 y - an uncursed staff of cold
Jewellery
 k - an amulet of the gourmand (around neck)
 q - a ring of protection from magic (left hand)
Wands
 F - a wand of digging (11)
 H - a wand of disintegration (12)
 J - a wand of flame (12)
 S - a wand of random effects (11)
 T - a wand of iceblast (6)
Scrolls
 i - 5 scrolls of identify
 n - 4 scrolls of remove curse
 t - 2 scrolls of enchant armour
 w - a scroll of holy word {unknown}
 C - 2 scrolls of immolation
 L - a scroll of brand weapon {unknown}
Potions
 h - 3 potions of flight
 l - a potion of haste
 m - 3 potions of curing
 o - 3 potions of brilliance
 v - a potion of lignification {unknown}
 x - 2 potions of degeneration {unknown}
 z - a potion of magic {unknown}
 E - a potion of ambrosia
 I - a potion of resistance
 K - a potion of berserk rage {unknown}
 O - 2 potions of mutation
Comestibles
 d - 15 rations


   Skills:
 + Level 1.3 Fighting
 + Level 1.1 Long Blades
 + Level 0.4(1.1) Polearms
 + Level 2.0(2.2) Staves
 * Level 4.7 Bows
 + Level 0.2 Throwing
 * Level 5.0 Dodging
 - Level 2.9 Stealth
 * Level 12.1 Spellcasting
 * Level 5.3 Conjurations
 + Level 4.4 Hexes
 + Level 4.6 Summonings
 + Level 1.1 Translocations
 + Level 0.5 Poison Magic
 * Level 2.3 Evocations


You had 19 spell levels left.
You knew the following spells:

 Your Spells              Type           Power        Failure   Level  Hunger
a - Magic Dart            Conj           ####         1%          1    None
b - Blink                 Tloc           N/A          3%          2    None
c - Call Imp              Summ           #####...     1%          2    None
d - Slow                  Hex            #####...     1%          2    None
e - Mephitic Cloud        Conj/Pois/Air  ###.....     5%          3    None
f - Conjure Flame         Conj/Fire      ####....     4%          3    None

Your spell library contained the following spells:

 Spells                   Type           Power        Failure   Level  Hunger
 Sandblast                Erth           ###...       4%          1    None


Dungeon Overview and Level Annotations

Branches:
Dungeon (9/15)             Temple (1/1) D:6            Lair (1/6) D:9
    Orc: D:9-12

Altars:
Ashenzari
Cheibriados
Dithmenos
Elyvilon
Fedhas
Gozag
Hepliaklqana
Kikubaaqudgha
Makhleb
Nemelex Xobeh
Okawaru
Qazlal
Ru
Sif Muna
Trog
Uskayaw
Vehumet
Wu Jian
Xom
Yredelemnul
Zin
The Shining One

Shops:
D:4 (*   D:6 (

Annotations:
D:5 3 runed translucent doors, mukkel's ghost, amateur FoFi
D:9 Erolcha


Message History

* * * LOW HITPOINT WARNING * * *
The blink frog blinks!
Are you sure you want to stumble around while confused and next to your shadow imp?
Okay, then.
Are you sure you want to stumble around while confused and next to your shadow imp?
Okay, then.
Are you sure you want to stumble around while confused and next to your shadow imp?
Okay, then.
The blink frog barely misses you.
The bullfrog hits you but does no damage.
The water moccasin bites your shadow imp!
The blink frog hits you.
* * * LOW HITPOINT WARNING * * *
The blink frog blinks!
Your shadow imp hits the water moccasin.
You're too confused to cast spells.
Are you sure you want to stumble around while confused and next to your shadow imp?
Okay, then.
The blink frog hits you!
You die...

.8.>.8..8........#
.................#.
............#.......
#..8...##.###....#....
.........##..........#
#.§.............#...#
...#F..8.S...##+.....#
#!§#....F5..........#
.....#...F@...........
.....#.#.§............
........#.##..<.......
......................
.......###..##+#......
.##....... .....P
+....... ....# ......
....+ ..... ...#


You could see 2 blink frogs, a water moccasin, a bullfrog and a friendly shadow
imp.

Vanquished Creatures
  Maurice (D:8)
  A centaur zombie (D:8)
  A hippogriff (D:8)
  Sigmund (D:6)
  Eustachio (D:5)
  2 hungry ghosts
  An orc warrior (D:8)
  A sky beast (D:9)
  2 phantoms
  2 black bears
  3 bullfrogs
  A wyvern skeleton (D:7)
  A scorpion (D:7)
  A wight (D:6)
  5 killer bees
  A howler monkey (D:4)
  2 crimson imps (D:6)
  A bullfrog zombie (D:5)
  A jelly (D:7)
  An orc priest (D:9)
  Crazy Yiuf (D:7)
  2 centaur skeletons
  A hound (D:7)
  2 iguanas
  An orc wizard (D:8)
  3 worker ants
  A hound skeleton (D:8)
  A gnoll (D:2)
  12 adders
  2 shadow imps
  A dart slug (D:3)
  A leopard gecko (D:1)
  8 orcs
  3 giant cockroaches
  7 hobgoblins
  8 jackals
  6 kobolds
  A quokka (D:2)
  A ball python (D:1)
  5 bats
  7 frilled lizards
  8 goblins
  A leopard gecko skeleton (D:7)
  2 quokka skeletons
  12 rats
127 creatures vanquished.

Vanquished Creatures (collateral kills)
  A water moccasin (D:9)
  An orc warrior (D:9)
  A sky beast (D:7)
  2 ogres (D:7)
  2 centaurs
  A gnoll sergeant (D:6)
  A scorpion (D:6)
  A crimson imp (D:7)
  A howler monkey (D:4)
  2 orc priests (D:8)
  A hound (D:8)
  2 orc wizards
  2 worker ants
  5 gnolls
  2 adders
  An orc (D:9)
  2 jackals (D:4)
  A quokka (D:4)
  A ball python (D:5)
30 creatures vanquished.

Vanquished Creatures (others)
  13 plants (D:9)
13 creatures vanquished.

Grand Total: 170 creatures vanquished

Notes
Turn   | Place    | Note
-------+----------+-------------------------------------------
     0 | D:1      | Bronimir the Deep Elf Wizard began the quest for the Orb.
     0 | D:1      | Reached XP level 1. HP: 10/10 MP: 7/7
   290 | D:1      | Reached skill level 5 in Spellcasting
   290 | D:1      | Reached XP level 2. HP: 15/15 MP: 8/10
   370 | D:1      | Learned a level 2 spell: Blink
   373 | D:1      | Learned a level 2 spell: Call Imp
   376 | D:1      | Learned a level 2 spell: Slow
   710 | D:2      | Reached XP level 3. HP: 17/19 MP: 4/12
  1210 | D:2      | Reached skill level 6 in Spellcasting
  1455 | D:2      | Found a hide-covered altar of Uskayaw.
  1505 | D:2      | Reached XP level 4. HP: 22/24 MP: 8/14
  2263 | D:3      | Reached skill level 1 in Hexes
  2550 | D:3      | Learned a level 3 spell: Mephitic Cloud
  2550 | D:3      | Found a glowing golden altar of the Shining One.
  2906 | D:4      | Reached XP level 5. HP: 8/28 MP: 9/16
  3321 | D:4      | Found Makoiz's Assorted Antiques.
  3361 | D:4      | Found Iregeoni's Antique Weapon Shoppe.
  3366 | D:4      | Got an ichor-stained falchion
  3367 | D:4      | Identified the +6 falchion of Irrepressible Laughter
                  | {venom, Str+4 Int+5 Dex+3} (You found it on level 4 of the
                  | Dungeon)
  3462 | D:4      | Reached skill level 7 in Spellcasting
  3481 | D:4      | Found a bloodstained altar of Trog.
  3651 | D:5      | Entered Level 5 of the Dungeon
  3657 | D:5      | Learned a level 3 spell: Conjure Flame
  3775 | D:5      | Reached XP level 6. HP: 13/32 MP: 16/18
  3988 | D:5      | Found a blossoming altar of Fedhas.
  4082 | D:5      | Found a runed translucent gate.
  4082 | D:5      | Found a runed translucent gate.
  4083 | D:5      | Found a runed translucent gate.
  4084 | D:5      | Found an opulent altar of Gozag.
  4085 | D:5      | Noticed mukkel's ghost (amateur FoFi)
  4639 | D:5      | Found a hazy altar of Hepliaklqana.
  4640 | D:5      | Found an ancient bone altar of Kikubaaqudgha.
  4641 | D:5      | Found a stormy altar of Qazlal.
  4657 | D:5      | Noticed Eustachio
  4682 | D:5      | Killed Eustachio
  4682 | D:5      | Reached XP level 7. HP: 19/36 MP: 6/20
  4953 | D:5      | You fall into a shaft and drop 1 floor!
  4984 | D:6      | Noticed Sigmund
  5004 | D:6      | Killed Sigmund
  5004 | D:6      | Reached skill level 1 in Long Blades
  5004 | D:6      | Reached skill level 8 in Spellcasting
  5043 | D:6      | Reached skill level 1 in Bows
  5478 | D:6      | HP: 1/37 [wight/+3 halberd (3)]
  5863 | D:6      | Reached skill level 9 in Spellcasting
  6120 | D:6      | Reached XP level 8. HP: 42/42 MP: 7/23
  6380 | D:6      | Found a staircase to the Ecumenical Temple.
  6393 | Temple   | Entered the Ecumenical Temple
  6649 | Temple   | Became a worshipper of Vehumet
  6937 | D:6      | Found Uqoikiocai's Antique Weapon Emporium.
  7305 | D:7      | Reached skill level 10 in Spellcasting
  7391 | D:7      | Reached skill level 1 in Fighting
  8267 | D:7      | Found a shadowy altar of Dithmenos.
  8554 | D:7      | Found a runed translucent door.
  8555 | D:7      | Noticed Crazy Yiuf
  8761 | D:7      | Killed Crazy Yiuf
  9062 | D:8      | Reached skill level 11 in Spellcasting
  9064 | D:8      | Reached skill level 1 in Evocations
  9334 | D:8      | Noticed a hippogriff
  9372 | D:8      | Killed a hippogriff
  9372 | D:8      | Reached XP level 9. HP: 47/47 MP: 19/26
  9483 | D:8      | Noticed Maurice
  9535 | D:8      | Killed Maurice
  9559 | D:8      | Reached skill level 1 in Staves
  9559 | D:8      | Reached skill level 5 in Conjurations
 10224 | D:9      | Noticed a guardian serpent
 10224 | D:9      | Noticed Erolcha
 10535 | D:9      | Found a staircase to the Lair.
 10535 | D:9      | Noticed a komodo dragon
 10547 | D:9      | HP: 2/47 [killer bee (4)]
 10782 | D:9      | Reached * piety under Vehumet
 10782 | D:9      | Offered knowledge of Sandblast by Vehumet.
 10906 | D:9      | Reached skill level 5 in Dodging
 11382 | D:9      | Reached skill level 12 in Spellcasting
 11398 | Lair:1   | Entered Level 1 of the Lair of Beasts
 11581 | Lair:1   | Slain by a blink frog

Levels and vault maps discovered:
D:1:      eino_arrival_cavern_e, layout_rooms, supply_closet_lemuel,
          minmay_tetromino_i4
D:2:      layout_basic, eat_drink_and_be_merry_uskayaw, first_ration,
          minmay_misc_feat_plants, minmay_three_crescents
D:3:      layout_loops_ring, overflow_temple_1_default
D:4:      layout_rooms, lemuel_crystal_altar, serial_shops, shop, shop
D:5:      lemuel_upstairs_altar, layout_gridville,
          nicolae_overflow_hidden_temple, ebering_ghost_gozag, fedhas_altar_2,
          uniq_eustachio
D:6:      minmay_inner_zag, layout_basic, serial_shops, shop, enter_ossuary_5,
          minivault_23, uniq_sigmund
D:7:      layout_layer_cave, kennysheep_little_box, uniq_crazy_yiuf_cottage
D:8:      layout_basic, uniq_maurice
D:9:      layout_big_octagon, david_lair_shrubbed, serial_column_ruins,
          column_ruins_circle_small, column_ruins_square_small,
          column_ruins_corridor_straight, column_ruins_columns_dead_end,
          column_ruins_open_small, column_ruins_open_medium,
          column_ruins_corridor_straight, hangedman_pestilent_swarm,
          nrook_guardian_serpent_ordinary, uniq_erolcha
Temple:   regret_index_temple_generic_petals
Lair:1:   layout_regular_city, grunt_megastairs_3, lemuel_fruit_fields

Skill      XL: |  1  2  3  4  5  6  7  8  9 |
---------------+----------------------------+-----
Spellcasting   | 5 6 7 9 11 12 | 12.1
Dodging        | 3 4 5 |  5.0
Hexes          | 1 2 3 4 |  4.4
Conjurations   | 2 3 4 5 |  5.3
Summonings     | 2 4 |  4.6
Long Blades    | 1 |  1.1
Bows           | 1 3 4 |  4.7
Fighting       | 1 |  1.3
Evocations     | 1 2 |  2.3
Staves         | 2 |  2.0
Polearms       | |  0.4
Throwing       | |  0.2
Stealth        | |  2.9
Translocations | |  1.1
Poison Magic   | |  0.5

Action                   |  1- 3 |  4- 6 |  7- 9 || total
-------------------------+-------+-------+-------++-------
Melee: Spear             |    25 |     2 |       ||    27
       Falchion          |       |    18 |    25 ||    43
       Quarterstaff      |       |       |    83 ||    83
 Fire: Shortbow          |       |     3 |    34 ||    37
Throw: Dart              |       |     5 |       ||     5
 Cast: Magic Dart        |    77 |   125 |   186 ||   388
       Call Imp          |       |    16 |    76 ||    92
       Mephitic Cloud    |       |     1 |     8 ||     9
       Blink             |       |     1 |     6 ||     7
       Slow              |       |     3 |    62 ||    65
       Conjure Flame     |       |       |     2 ||     2
Evoke: Wand              |       |       |     1 ||     1
  Use: Scroll            |       |    11 |     6 ||    17
       Potion            |       |       |     4 ||     4
 Stab: Distracted        |     1 |       |     1 ||     2
       Confused          |       |       |     4 ||     4
  Eat: Chunk             |     2 |     8 |    26 ||    36
       Ration            |       |       |     1 ||     1
Armor: Robe              |    11 |    19 |    80 ||   110
Dodge: Dodged            |    27 |    73 |   170 ||   270
       Rpst.: Falchion   |       |     6 |     5 ||    11
